 Dungeon Crawl Stone Soup version 0.28.0-53-g5a82cb258f (webtiles) character file.

Game seed: 14511881360630614012

21 hawla the Ducker (level 2, -1/11 HPs)
             Began as a Felid Fire Elementalist on May 22, 2022.
             Slain by a jackal (2 damage)
             ... on level 1 of the Dungeon on May 23, 2022.
             The game lasted 00:02:10 (858 turns).

hawla the Ducker (Felid Fire Elementalist)           Turns: 858, Time: 00:02:10

Health: -1/11      AC:  1    Str:  4    XL:     2   Next: 62%
Magic:  1/6        EV: 18    Int: 16    God:
Gold:   10         SH:  0    Dex: 16    Spells: 2/5 levels left
                                        Lives:  0   Deaths: 0

rFire   . . .      SeeInvis +   (weapon unavailable)
rCold   . . .      Faith    .   (shield unavailable)
rNeg    . . .      Spirit   .   (armour unavailable)
rPois   .          Reflect  .   (helmet unavailable)
rElec   .          Harm     .   (cloak unavailable)
rCorr   .          Rampage  .   (gloves unavailable)
Will    .....                   (boots unavailable)
Stlth   ++........              (no amulet)
HPRegen 0.03/turn               (no ring)
MPRegen 0.10/turn               (no ring)

@: quick
A: very small, claws 1, fangs 3, see invisible, speed 1, shaggy fur 1, stealthy
paws, no weapons or thrown items, no armour, multi-lived
a: no special abilities


You were on level 1 of the Dungeon.
You visited 1 branch of the dungeon, and saw 1 of its levels.

You collected 10 gold pieces.

Inventory:

Scrolls
 a - 2 scrolls of identify {unknown}
 b - a scroll of magic mapping {unknown}


   Skills:
 + Level 3.4 Dodging
 + Level 2.9 Stealth
 + Level 2.0 Spellcasting
 + Level 0.9 Conjurations
 + Level 3.1 Fire Magic


You had 2 spell levels left.
You knew the following spells:

 Your Spells              Type           Power      Damage    Failure   Level
a - Foxfire               Conj/Fire      32%        2x1d5     9%          1
b - Scorch                Fire           22%        2d6       9%          2

Your spell library contained the following spells:

 Spells                   Type           Power      Damage    Failure   Level
 Conjure Flame            Conj/Fire      8%         6-21      26%         3
 Inner Flame              Hex/Fire       6%         N/A       32%         3
 Flame Wave               Conj/Fire      8%         2d5       65%         4


Dungeon Overview and Level Annotations

Branches:
Dungeon (1/15)

Altars:

Annotations:
D:1 apport the coins


Innate Abilities, Weirdness & Mutations

You have sharp claws.
You have razor-sharp teeth.
You have supernaturally acute eyesight. (SInv)
You cover ground quickly. (Speed+)
You are covered in fur. (AC +1)
Your paws help you pounce on unaware monsters.
You are incapable of wielding weapons or throwing items.
You cannot wear armour.
You gain extra lives every three experience levels.


Message History

Confirm with . or Enter, or press ? or * to list all spells.
You conjure some foxfire!
The foxfire hits the jackal.
The jackal is moderately wounded.
The foxfire hits the jackal.
The jackal is heavily wounded.
The jackal misses you. The jackal closely misses you.
The jackal bites you but does no damage.
Casting: Foxfire (safe; 9% risk of failure)
Confirm with . or Enter, or press ? or * to list all spells.
You conjure some foxfire!
The jackal misses you. x2
The jackal closely misses you.
Casting: Foxfire (safe; 9% risk of failure)
Confirm with . or Enter, or press ? or * to list all spells.
Flames lash the quokka.
The quokka is almost dead.
The quokka's fire resistance burns away.
The foxfire hits the jackal.
The jackal is almost dead.
The foxfire hits the jackal.
You kill the jackal!
The foxfire hits the jackal but does no damage.
The jackal barely misses you.
Casting: Scorch (safe; 9% risk of failure)
Confirm with . or Enter, or press ? or * to list all spells.
You conjure some foxfire!
The jackal barely misses you. The jackal closely misses you.
The jackal misses you. The quokka bites you.
The foxfire hits the jackal.
The jackal is moderately wounded.
The foxfire hits the quokka.
The quokka is burned terribly!
You kill the quokka!
The jackal misses you. The jackal bites you.
A rat comes into view.
The jackal misses you. The jackal barely misses you.
You closely miss the jackal. The jackal bites you. The jackal bites you.
* * * LOW HITPOINT WARNING * * *
The jackal bites you.
You die...

........).# . .. ###.......[..##
. .. ##.............# . r
#....#.........#
.##.##########....#.........#
..#.#.......##..............# ...
#.......##..............# ###
.†###.......#####...####.)..###..
†.............hh@.......†........
.####.......####....######.######
..###.......# #.#########.######
...)........# #.# #...........
........##### #.# #...........
.[..###.## #.# #..#######'# ....
#..# #.# #..#........ .... ##.#
... ... #........ ... #.#### .##
#........


You could see 2 jackals.

Vanquished Creatures
  A dart slug (D:1)
  An endoplasm (D:1)
  2 goblins (D:1)
  A hobgoblin (D:1)
  2 jackals (D:1)
  4 quokkas (D:1)
  A ball python (D:1)
  A frilled lizard (D:1)
  A kobold (D:1)
  3 rats (D:1)
17 creatures vanquished.

Vanquished Creatures (others)
  39 foxfires (D:1)
39 creatures vanquished.

Grand Total: 56 creatures vanquished

Notes
Turn   | Place    | Note
-------+----------+-------------------------------------------
     0 | D:1      | hawla the Felid Fire Elementalist began the quest for the
                  | Orb.
     0 | D:1      | Reached XP level 1. HP: 7/7 MP: 4/4
   227 | D:1      | Reached XP level 2. HP: 11/11 MP: 3/6
   242 | D:1      | Learned a level 2 spell: Scorch
   735 | D:1      | Found a faded altar of an unknown god.
   858 | D:1      | Slain by a jackal

Illustrated notes

Levels and vault maps discovered:
D:1:      lemuel_arrival_room, layout_basic, basic_ecumenical_altar,
          lemuel_flame_loot_1

Skill      XL: |  1 |
---------------+----+-----
Dodging        | 3 |  3.4
Fire Magic     | 3 |  3.1
Stealth        | |  2.9
Spellcasting   | |  2.0
Conjurations   | |  0.9

Action                   || total
-------------------------++-------
Melee: Unarmed           ||    14
       Bite              ||     2
 Cast: Foxfire           ||    25
       Scorch            ||     2
Armor: Skin              ||     2
Dodge: Dodged            ||    29
